[ AOE2 MATCH · #504857171 ]
UnrankedVikings vs Georgians
Player's team · LOSS
Rival team · WIN
[ REPLAY ANALYSIS · EXTRACTED FROM THE RECORDED GAME ]
Feudal
13:37
Castle
17:35
Imperial
34:40
| APM avg | 93.0 |
| APM peak | 172 |
| eAPM avg | 55.2 |
| Villagers / military | 134 / 89 |
Focus
⚔️ 60.4% · 🌾 39.6%
Archer ×59 · Mangonel ×24 · Militia ×4 · Battering Ram ×2
Feudal
8:02
Castle
19:44
Imperial
34:48
| APM avg | 73.2 |
| APM peak | 116 |
| eAPM avg | 31.0 |
| Villagers / military | 147 / 74 |
Focus
⚔️ 32.4% · 🌾 67.6%
Skirmisher ×55 · Mangonel ×10 · Monk ×3 · Scout Cavalry ×3 · Trebuchet (Packed) ×2 · Spearman ×1
Match map
Initial resources + every placement click. Lines = walls · curves = elevation contours. ◆ gold · ⬟ stone · ● berries · ✦ relic · ◌ wall gap
Your base· ✓ Closed at 17:35 · 37t walls · no gate
CNZS_CC's base· Open — opponent sealed themselves in
Smoothed initial terrain · ◌ = detected wall gap · hover for details
Inputs per minute
— Dobbs351 - - CNZS_CC
Build order — Dobbs351
First 150 of 352 actions detected
| 0:00 | Create | Villager (Male) |
| 0:02 | Build | House |
| 0:02 | Build | House |
| 0:12 | Create | Villager (Male) |
| 0:15 | Create | Villager (Male) |
| 0:15 | Create | Villager (Male) |
| 1:24 | Create | Villager (Male) |
| 1:24 | Create | Villager (Male) |
| 1:56 | Build | Lumber Camp |
| 2:02 | Create | Villager (Male) |
| 2:23 | Create | Villager (Male) |
| 2:49 | Create | Villager (Male) |
| 3:09 | Create | Villager (Male) |
| 3:09 | Create | Villager (Male) |
| 3:28 | Create | Villager (Male) |
| 3:55 | Build | House |
| 4:02 | Create | Villager (Male) |
| 4:32 | Build | Barracks |
| 4:38 | Create | Villager (Male) |
| 4:47 | Create | Villager (Male) |
| 4:58 | Build | House |
| 5:24 | Create | Villager (Male) |
| 5:29 | Create | Militia |
| 5:29 | Create | Militia |
| 5:32 | Build | Palisade Wall |
| 5:48 | Create | Militia |
| 6:00 | Research | Loom |
| 6:00 | Research | Loom |
| 6:02 | Build | Palisade Wall |
| 6:07 | Create | Villager (Male) |
| 6:11 | Create | Militia |
| 6:14 | Build | Palisade Wall |
| 6:32 | Create | Villager (Male) |
| 6:42 | Create | Villager (Male) |
| 6:48 | Build | Mill |
| 7:02 | Build | House |
| 7:17 | Create | Villager (Male) |
| 7:23 | Build | Mill |
| 7:24 | Build | Palisade Wall |
| 7:25 | Build | Palisade Wall |
| 7:26 | Build | Palisade Wall |
| 7:27 | Build | Palisade Wall |
| 7:46 | Create | Villager (Male) |
| 7:51 | Build | House |
| 8:13 | Create | Villager (Male) |
| 8:27 | Create | Villager (Male) |
| 8:34 | Build | Palisade Wall |
| 8:44 | Build | Palisade Wall |
| 8:45 | Build | Palisade Wall |
| 8:52 | Create | Villager (Male) |
| 9:24 | Create | Villager (Male) |
| 9:34 | Build | Farm |
| 9:36 | Build | Farm |
| 9:39 | Create | Villager (Male) |
| 10:08 | Build | Farm |
| 10:14 | Build | Palisade Wall |
| 10:19 | Build | Palisade Wall |
| 10:33 | Create | Villager (Male) |
| 10:36 | Build | Farm |
| 10:36 | Build | Farm |
| 10:36 | Build | Farm |
| 10:36 | Build | Farm |
| 10:48 | Build | Mining Camp |
| 10:58 | Create | Villager (Male) |
| 11:27 | Research | Feudal Age |
| 12:57 | Create | Villager (Male) |
| 13:18 | Build | Farm |
| 13:19 | Build | Farm |
| 13:20 | Build | Farm |
| 13:37 | Age | Feudal Age |
| 13:38 | Build | Blacksmith |
| 13:42 | Create | Villager (Male) |
| 14:08 | Build | Archery Range |
| 14:18 | Create | Villager (Male) |
| 14:55 | Research | Castle Age |
| 14:55 | Research | Castle Age |
| 14:55 | Research | Castle Age |
| 15:15 | Build | Archery Range |
| 15:59 | Build | Lumber Camp |
| 16:01 | Create | Archer |
| 16:14 | Research | Double-Bit Axe |
| 16:19 | Research | Fletching |
| 16:19 | Research | Fletching |
| 16:48 | Research | Gold Mining |
| 16:50 | Create | Archer |
| 16:50 | Create | Archer |
| 17:00 | Build | House |
| 17:09 | Create | Villager (Male) |
| 17:21 | Build | Farm |
| 17:22 | Create | Archer |
| 17:22 | Create | Archer |
| 17:26 | Create | Archer |
| 17:34 | Build | House |
| 17:35 | Age | Castle Age |
| 17:35 | Create | Archer |
| 17:35 | Create | Archer |
| 17:36 | Create | Villager (Male) |
| 17:42 | Research | Crossbowman (upgrade) |
| 17:44 | Build | Farm |
| 18:01 | Build | Farm |
| 18:01 | Build | Farm |
| 18:17 | Create | Archer |
| 18:19 | Create | Villager (Male) |
| 18:30 | Build | Farm |
| 18:32 | Build | Farm |
| 18:35 | Build | Farm |
| 18:37 | Create | Villager (Male) |
| 18:41 | Build | House |
| 18:44 | Create | Archer |
| 18:45 | Create | Archer |
| 18:52 | Create | Villager (Male) |
| 19:01 | Build | Farm |
| 19:13 | Create | Archer |
| 19:13 | Create | Archer |
| 19:13 | Create | Villager (Male) |
| 19:23 | Create | Villager (Male) |
| 19:32 | Build | House |
| 19:44 | Research | Bodkin Arrow |
| 19:44 | Research | Bodkin Arrow |
| 19:54 | Create | Villager (Male) |
| 20:00 | Create | Villager (Male) |
| 20:05 | Build | Siege Workshop |
| 20:15 | Create | Archer |
| 20:16 | Create | Archer |
| 20:17 | Create | Villager (Male) |
| 20:19 | Build | House |
| 20:34 | Create | Villager (Male) |
| 20:44 | Create | Villager (Male) |
| 20:51 | Build | House |
| 20:51 | Build | House |
| 21:03 | Create | Villager (Male) |
| 21:05 | Create | Mangonel |
| 21:10 | Create | Villager (Male) |
| 21:16 | Create | Archer |
| 21:27 | Build | Palisade Wall |
| 21:31 | Build | House |
| 21:35 | Create | Villager (Male) |
| 21:45 | Create | Archer |
| 21:46 | Create | Villager (Male) |
| 21:58 | Create | Mangonel |
| 22:00 | Create | Villager (Male) |
| 22:02 | Build | House |
| 22:06 | Create | Villager (Male) |
| 22:08 | Build | Outpost |
| 22:18 | Create | Villager (Male) |
| 22:34 | Create | Mangonel |
| 22:38 | Build | Outpost |
| 22:50 | Create | Villager (Male) |
| 22:57 | Create | Archer |
| 22:57 | Create | Archer |
Build order — CNZS_CC
First 150 of 382 actions detected
| 0:02 | Create | Villager (Male) |
| 0:02 | Create | Villager (Male) |
| 0:02 | Create | Villager (Male) |
| 0:04 | Build | House |
| 0:05 | Build | House |
| 0:11 | Create | Villager (Male) |
| 0:11 | Create | Villager (Male) |
| 1:33 | Create | Villager (Male) |
| 1:34 | Create | Villager (Male) |
| 1:51 | Create | Villager (Male) |
| 2:16 | Create | Villager (Male) |
| 2:43 | Create | Villager (Male) |
| 2:44 | Create | Villager (Male) |
| 3:06 | Build | House |
| 3:09 | Create | Villager (Male) |
| 3:09 | Create | Villager (Male) |
| 3:29 | Create | Villager (Male) |
| 3:29 | Create | Villager (Male) |
| 4:02 | Create | Villager (Male) |
| 4:17 | Create | Villager (Male) |
| 4:23 | Create | Villager (Male) |
| 4:24 | Build | Mill |
| 4:57 | Research | Loom |
| 5:26 | Create | Villager (Male) |
| 5:47 | Research | Feudal Age |
| 7:22 | Create | Villager (Male) |
| 7:26 | Build | Barracks |
| 7:37 | Build | House |
| 8:02 | Age | Feudal Age |
| 8:04 | Create | Villager (Male) |
| 8:28 | Build | Stable |
| 8:30 | Create | Villager (Male) |
| 8:37 | Create | Spearman |
| 8:46 | Build | House |
| 8:52 | Create | Villager (Male) |
| 9:05 | Build | Palisade Wall |
| 9:06 | Build | Palisade Wall |
| 9:22 | Create | Villager (Male) |
| 9:22 | Create | Scout Cavalry |
| 9:37 | Create | Villager (Male) |
| 9:54 | Create | Scout Cavalry |
| 10:05 | Create | Villager (Male) |
| 10:33 | Create | Villager (Male) |
| 10:40 | Build | Farm |
| 10:41 | Build | Farm |
| 10:46 | Create | Scout Cavalry |
| 10:51 | Build | Farm |
| 11:12 | Create | Villager (Male) |
| 11:23 | Build | Farm |
| 11:30 | Build | Farm |
| 11:35 | Create | Villager (Male) |
| 11:39 | Build | House |
| 11:55 | Build | House |
| 12:29 | Create | Villager (Male) |
| 12:30 | Research | Double-Bit Axe |
| 12:35 | Build | House |
| 12:38 | Build | Farm |
| 12:39 | Create | Villager (Male) |
| 12:49 | Create | Villager (Male) |
| 12:57 | Build | Farm |
| 13:08 | Build | Mule Cart |
| 13:19 | Build | Farm |
| 13:31 | Create | Villager (Male) |
| 13:38 | Build | Farm |
| 13:53 | Create | Villager (Male) |
| 14:21 | Create | Villager (Male) |
| 14:23 | Build | Archery Range |
| 14:43 | Build | Farm |
| 14:47 | Create | Villager (Male) |
| 14:48 | Build | House |
| 14:58 | Build | Farm |
| 15:05 | Create | Villager (Male) |
| 15:08 | Build | Farm |
| 15:23 | Create | Skirmisher |
| 15:29 | Build | House |
| 15:34 | Build | Palisade Wall |
| 15:41 | Create | Villager (Male) |
| 15:47 | Build | House |
| 15:48 | Build | House |
| 15:51 | Create | Skirmisher |
| 15:57 | Build | Palisade Wall |
| 16:01 | Create | Villager (Male) |
| 16:15 | Build | Farm |
| 16:18 | Create | Villager (Male) |
| 16:46 | Build | House |
| 17:03 | Research | Castle Age |
| 17:04 | Research | Castle Age |
| 17:09 | Build | Blacksmith |
| 17:10 | Build | House |
| 17:14 | Create | Skirmisher |
| 17:15 | Create | Skirmisher |
| 17:20 | Create | Skirmisher |
| 17:20 | Create | Skirmisher |
| 17:39 | Build | House |
| 17:40 | Create | Skirmisher |
| 17:44 | Build | House |
| 17:47 | Build | Palisade Wall |
| 17:48 | Build | House |
| 18:06 | Build | Mule Cart |
| 18:22 | Research | Fletching |
| 18:24 | Create | Skirmisher |
| 18:24 | Create | Skirmisher |
| 18:31 | Build | Farm |
| 18:42 | Research | Padded Archer Armor |
| 18:42 | Research | Padded Archer Armor |
| 18:47 | Create | Villager (Male) |
| 19:40 | Create | Villager (Male) |
| 19:44 | Age | Castle Age |
| 19:45 | Research | Elite Skirmisher (upgrade) |
| 19:45 | Research | Elite Skirmisher (upgrade) |
| 19:53 | Create | Villager (Male) |
| 19:58 | Build | Town Center |
| 20:20 | Research | Bodkin Arrow |
| 20:25 | Build | Monastery |
| 20:44 | Create | Villager (Male) |
| 20:47 | Create | Skirmisher |
| 20:47 | Create | Skirmisher |
| 20:59 | Create | Skirmisher |
| 21:16 | Create | Villager (Male) |
| 21:17 | Create | Monk |
| 21:26 | Create | Villager (Male) |
| 21:27 | Build | Farm |
| 21:28 | Build | Farm |
| 21:28 | Build | Farm |
| 21:30 | Research | Horse Collar |
| 21:34 | Create | Villager (Male) |
| 21:42 | Create | Villager (Male) |
| 21:44 | Build | Farm |
| 21:44 | Build | Farm |
| 21:54 | Create | Villager (Male) |
| 21:57 | Build | Siege Workshop |
| 22:18 | Create | Villager (Male) |
| 22:24 | Create | Villager (Male) |
| 22:34 | Build | Farm |
| 22:35 | Create | Mangonel |
| 22:37 | Create | Villager (Male) |
| 22:47 | Create | Villager (Male) |
| 22:49 | Build | Farm |
| 22:52 | Build | Farm |
| 22:53 | Build | Farm |
| 22:54 | Build | Farm |
| 22:56 | Build | Farm |
| 22:56 | Build | Farm |
| 22:57 | Build | Farm |
| 22:58 | Create | Villager (Male) |
| 22:58 | Create | Villager (Male) |
| 23:11 | Research | Town Watch |
| 23:11 | Research | Town Watch |
| 23:31 | Create | Villager (Male) |
| 23:38 | Create | Mangonel |
Match timeline
| 4:32 | Dobbs351 · first_building Barracks |
| 5:32 | Dobbs351 · wall_segment Palisade Wall x1 |
| 6:02 | Dobbs351 · wall_segment Palisade Wall x5 |
| 6:14 | Dobbs351 · wall_segment Palisade Wall x1 |
| 7:24 | Dobbs351 · wall_segment Palisade Wall x1 |
| 7:25 | Dobbs351 · wall_segment Palisade Wall x2 |
| 7:26 | CNZS_CC · first_building Barracks |
| 7:26 | Dobbs351 · wall_segment Palisade Wall x1 |
| 7:27 | Dobbs351 · wall_segment Palisade Wall x1 |
| 8:02 | CNZS_CC · age_up feudal |
| 8:28 | CNZS_CC · first_building Stable |
| 8:34 | Dobbs351 · wall_segment Palisade Wall x14 |
| 8:44 | Dobbs351 · wall_segment Palisade Wall x4 |
| 8:45 | Dobbs351 · wall_segment Palisade Wall x5 |
| 9:05 | CNZS_CC · wall_segment Palisade Wall x1 |
| 9:06 | CNZS_CC · wall_segment Palisade Wall x1 |
| 10:14 | Dobbs351 · wall_segment Palisade Wall x1 |
| 10:19 | Dobbs351 · wall_segment Palisade Wall x1 |
| 13:37 | Dobbs351 · age_up feudal |
| 14:08 | Dobbs351 · first_building Archery Range |
| 14:23 | CNZS_CC · first_building Archery Range |
| 15:34 | CNZS_CC · wall_segment Palisade Wall x4 |
| 15:57 | CNZS_CC · wall_segment Palisade Wall x8 |
| 17:35 | Dobbs351 · age_up castle |
| 17:47 | CNZS_CC · wall_segment Palisade Wall x1 |
| 19:44 | CNZS_CC · age_up castle |
| 20:05 | Dobbs351 · first_building Siege Workshop |
| 20:25 | CNZS_CC · first_building Monastery |
| 21:27 | Dobbs351 · wall_segment Palisade Wall x1 |
| 21:57 | CNZS_CC · first_building Siege Workshop |
| 30:36 | Dobbs351 · first_building Monastery |
| 31:16 | CNZS_CC · first_market_sell 100 food |
| 34:34 | CNZS_CC · first_building Castle |
| 34:40 | Dobbs351 · age_up imperial |
| 34:48 | CNZS_CC · age_up imperial |
| 35:31 | Dobbs351 · first_market_sell 500 food |
| 37:25 | Dobbs351 · first_market_buy 500 stone |
| 37:30 | Dobbs351 · first_building Castle |
| 38:48 | Dobbs351 · resign |
[ AI ANALYSIS · 1 CREDIT ]
What really happened in this match?
Wolo.gg analyzes every decision: build order, eco, micro, common mistakes by bracket. Personalized analysis on WhatsApp or Discord in 30 seconds.
Civ guide
Vikings
Perfil
Jugador #246423